 Dungeon Crawl Stone Soup version 0.25-a0-237-g0889b22 (webtiles) character file.

Game seed: 15397037904170130964, levelgen mode: deterministic

1811079 Blackhawk the Conqueror (level 25, 234/234 HPs)
             Began as a Demonspawn Fighter on Dec 2, 2019.
             Was the Champion of Ru.
             Escaped with the Orb
             ... and 3 runes!
             The game lasted 02:32:57 (63384 turns).

Blackhawk the Conqueror (Demonspawn Fighter)       Turns: 63384, Time: 02:32:58

Health: 234/234    AC: 45    Str: 37    XL:     25
Magic:  23/23      EV: 17    Int: 13    God:    Ru [******]
Gold:   6838       SH: 30    Dex: 22    Spells: 24/24 levels left

rFire    + + +     SeeInvis .   F - +9 broad axe (vamp)
rCold    + + .     Gourm    .   t - +0 large shield
rNeg     + . .     Faith    .   y - +4 chain mail "Erihucad" {rF+ Regen+ Str+4}
rPois    .         Spirit   .   (helmet restricted)
rElec    +         Reflect  +   B - scarf {rC+ rF+}
rCorr    .         Harm     .   c - +4 pair of gloves "Vuzubliq" {rElec}
MR       ++...                  (boots unavailable)
Stlth    ..........             u - amulet of Qephereg {Reflect rF+ Str+3 Int-2 Dex+3 SH+2}
HPRegen  0.89/turn              W - ring "Pominin" {MR+ Str+4 Dex+3}
MPRegen  0.18/turn              j - ring "Migics" {AC+2 Int+2 Dex+2}

@: hasted (expiring), very quick
A: hooves 3, horns 1, iridescent scales 3, blurry vision 1, clever 1, cold
resistance 1, icemail, negative energy resistance 1, spiny 2, 50% torment
resistance, freezing cloud immunity, inability to use devices, no hexes magic,
no ice magic, no summoning magic, MP-powered wands, inexperienced 1
0: Orb of Zot
}: 3/15 runes: decaying, silver, gossamer
a: Draw Out Power, Power Leap, Apocalypse, Renounce Religion


You escaped.
You worshipped Ru.
Ru was exalted by your worship.
You were not hungry.

You visited 9 branches of the dungeon, and saw 49 of its levels.
You visited the Abyss 2 times.
You also visited: Bailey, Ice Cave and Volcano.

You collected 7731 gold pieces.
You spent 893 gold pieces at shops.

Inventory:

Hand Weapons
 a - the +8 broad axe of Ancient Evil {chop, rN+ Dex+2}
   (You acquired it on level 4 of the Swamp)

   It inflicts extra damage upon your enemies.
   It affects your dexterity (+2).
   It protects you from negative energy.
 b - the +6 long sword of Discord {flame, MR+ SInv}
   (You found it on level 13 of the Dungeon)

   It has been specially enchanted to burn those struck by it, causing extra
   injury to most foes and up to half again as much damage against particularly
   susceptible opponents.
   Big, fiery blades are also staple armaments of hydra-hunters.
   It affects your resistance to hostile enchantments.
   It lets you see invisible.
 F - a +9 vampiric broad axe (weapon)
Missiles
 p - 6 throwing nets (quivered)
Armour
 c - the +4 pair of gloves "Vuzubliq" (worn) {rElec}
   (You acquired it on level 4 of the Vaults)

   It insulates you from electricity.
 k - the +0 helmet "Ibbe" {rF- rC- MR+++ Dex+6}
   (You found it on level 2 of the Spider Nest)

   It affects your dexterity (+6).
   It makes you vulnerable to fire.
   It makes you vulnerable to cold.
   It affects your resistance to hostile enchantments.
 q - the +0 pair of gloves "Leezadim" {rPois rC+ Str-5 Slay+3}
   (You found it in a volcano)

   It affects your strength (-5).
   It affects your accuracy and damage with ranged weapons and melee attacks
   (+3).
   It protects you from cold.
   It protects you from poison.
 t - a +0 large shield (worn)
 y - the +4 chain mail "Erihucad" (worn) {rF+ Regen+ Str+4}
   (You found it on level 8 of the Dungeon)

   It affects your strength (+4).
   It protects you from fire.
   It increases your rate of regeneration.
 B - a scarf of resistance (worn)
 D - the +2 pair of gloves of Gozag's Esteem {rPois rC- Int+4 Dex+4}
   (You bought it in a shop on level 2 of the Orcish Mines)

   It affects your intelligence (+4).
   It affects your dexterity (+4).
   It makes you vulnerable to cold.
   It protects you from poison.
 Q - +0 gold dragon scales
 U - the -2 hat of the Alchemist {rElec rPois rF+ rC+ rN+ MR+ rMut rCorr}
   (You found it on level 1 of the Vaults)

   It protects you from fire.
   It protects you from cold.
   It insulates you from electricity.
   It protects you from poison.
   It protects you from negative energy.
   It affects your resistance to hostile enchantments.
   It provides partial protection from all sources of acid and corrosion.
   It protects you from mutation.
Jewellery
 j - the ring "Migics" (right hand) {AC+2 Int+2 Dex+2}
   (You took it off a deep elf annihilator on level 3 of the Elven Halls)

   [ring of protection]

   It affects your AC (+2).
   It affects your intelligence (+2).
   It affects your dexterity (+2).
 u - the amulet of Qephereg (around neck) {Reflect rF+ Str+3 Int-2 Dex+3 SH+2}
   (You bought it in a shop on level 8 of the Dungeon)

   [amulet of reflection]

   It shields you and reflects attacks.
   It affects your strength (+3).
   It affects your intelligence (-2).
   It affects your dexterity (+3).
   It protects you from fire.
   It affects your SH (+2).
 M - a +4 ring of evasion
 R - the ring "Naalat" {rPois rC++ rN+ Dex+4}
   (You found it on level 5 of the Vaults)

   [ring of positive energy]

   It affects your dexterity (+4).
   It greatly protects you from cold.
   It protects you from poison.
   It protects you from negative energy.
 T - an uncursed ring of protection from fire
 V - the ring of Kujil {rF+ Dex+2}
   (You found it on level 3 of the Vaults)

   [ring of protection from fire]

   It affects your dexterity (+2).
   It protects you from fire.
 W - the ring "Pominin" (left hand) {MR+ Str+4 Dex+3}
   (You acquired it on level 3 of the Elven Halls)

   [ring of dexterity]

   It affects your strength (+4).
   It affects your dexterity (+3).
   It affects your resistance to hostile enchantments.
 Y - the ring "Hanonaeg" {*Corrode rC+ MR+++ MP-9 Stlth+}
   (You found it on level 6 of the Lair of Beasts)

   [ring of protection from cold]

   It protects you from cold.
   It affects your resistance to hostile enchantments.
   It affects your magic capacity (-9).
   It may corrode you when you take damage.
   It makes you more stealthy.
Scrolls
 d - 8 scrolls of fear
 e - 27 scrolls of remove curse
 l - 9 scrolls of enchant armour
 m - 9 scrolls of enchant weapon
 r - a scroll of magic mapping
 w - 7 scrolls of teleportation
 C - 4 scrolls of silence
 H - 5 scrolls of blinking
 I - a scroll of summoning
 J - 17 scrolls of identify
 L - 7 scrolls of immolation
 N - a scroll of amnesia
 O - 9 scrolls of fog
Potions
 g - 6 potions of flight
 h - 7 potions of invisibility
 n - 21 potions of curing
 o - 4 potions of might
 v - 3 potions of lignification
 x - 3 potions of berserk rage
 z - 10 potions of heal wounds
 A - 7 potions of cancellation
 E - a potion of haste
 G - 3 potions of agility
 K - 4 potions of resistance
 Z - 9 potions of ambrosia
Comestibles
 f - 86 rations


   Skills:
 O Level 27 Fighting
 - Level 18.0 Axes
 * Level 25.3 Armour
 - Level 8.2 Dodging
 + Level 22.7 Shields


You had 24 spell levels left.
You didn't know any spells.
Your spell library contained the following spells:

 Spells                   Type           Power        Failure   Level  Hunger
 Animate Skeleton         Necr           N/A          61%         1    ##.....
 Apportation              Tloc           #.....       61%         1    ##.....
 Beastly Appendage        Tmut           #.....       61%         1    ##.....
 Foxfire                  Conj/Fire      #...         61%         1    ##.....
 Infusion                 Chrm           #...         61%         1    ##.....
 Magic Dart               Conj           #...         61%         1    ##.....
 Pain                     Necr           #...         61%         1    ##.....
 Sandblast                Erth           #.....       61%         1    ##.....
 Shock                    Conj/Air       #...         61%         1    ##.....
 Sting                    Tmut/Pois      #...         61%         1    ##.....
 Blink                    Tloc           N/A          75%         2    ###....
 Corpse Rot               Necr/Air       N/A          75%         2    ###....
 Passwall                 Tmut/Erth      #.......     75%         2    ###....
 Poisonous Vapours        Pois/Air       #.....       75%         2    ###....
 Searing Ray              Conj           #.....       75%         2    ###....
 Shroud of Golubria       Chrm/Tloc      #.....       75%         2    ###....
 Song of Slaying          Chrm           #.......     75%         2    ###....
 Sticks to Snakes         Tmut           #.......     75%         2    ###....
 Sublimation of Blood     Necr           #.........   75%         2    ###....
 Swiftness                Chrm/Air       #.......     75%         2    ###....
 Gell's Gravitas          Tloc           #.........   93%         3    ####...
 Ignite Poison            Fire/Tmut/Pois #.......     93%         3    ####...
 Lesser Beckoning         Tloc           #.........   93%         3    ####...
 Mephitic Cloud           Conj/Pois/Air  #.......     93%         3    ####...
 Regeneration             Chrm/Necr      #.........   93%         3    ####...
 Spider Form              Tmut/Pois      #.........   93%         3    ####...
 Static Discharge         Conj/Air       #.......     93%         3    ####...
 Stone Arrow              Conj/Erth      #.....       93%         3    ####...
 Teleport Other           Tloc           #.......     93%         3    ####...
 Vampiric Draining        Necr           #.........   93%         3    ####...
 Airstrike                Air            #.........   100%        4    #####..
 Animate Dead             Necr           N/A          100%        4    #####..
 Iskenderun's Mystic Bla  Conj/Tloc      #.......     100%        4    #####..
 Olgreb's Toxic Radiance  Pois           #.......     100%        4    #####..
 Petrify                  Tmut/Erth      #.......     100%        4    #####..
 Agony                    Necr           #.......     100%        5    ######.
 Alistair's Intoxication  Tmut/Pois      #.......     100%        5    ######.
 Blade Hands              Tmut           #.........   100%        5    ######.
 Bolt of Magma            Conj/Fire/Erth #.........   100%        5    ######.
 Borgnjor's Vile Clutch   Necr/Erth      #.........   100%        5    ######.
 Dispel Undead            Necr           #.......     100%        5    ######.
 Excruciating Wounds      Chrm/Necr      #.........   100%        5    ######.
 Fireball                 Conj/Fire      #.........   100%        5    ######.
 Irradiate                Conj/Tmut      #.........   100%        5    ######.
 Lee's Rapid Deconstruct  Erth           #.........   100%        5    ######.
 Lightning Bolt           Conj/Air       #.........   100%        5    ######.
 Conjure Ball Lightning   Conj/Air       #.........   100%        6    #######
 Deflect Missiles         Chrm/Air       #.........   100%        6    #######
 Hydra Form               Tmut           #.........   100%        6    #######
 Iron Shot                Conj/Erth      #.........   100%        6    #######
 Starburst                Conj/Fire      #.........   100%        6    #######
 Statue Form              Tmut/Erth      #........    100%        6    #######
 Dragon Form              Tmut           #.........   100%        7    #######
 Ring of Flames           Chrm/Fire      #.........   100%        7    #######
 Ignition                 Fire           #.........   100%        8    #######
 Shatter                  Erth           #.........   100%        9    #######
 Tornado                  Air            #.........   100%        9    #######
 Confusing Touch          Hex            Unusable     N/A         1    N/A
 Corona                   Hex            Unusable     N/A         1    N/A
 Freeze                   Ice            Unusable     N/A         1    N/A
 Summon Butterflies       Summ           Unusable     N/A         1    N/A
 Summon Small Mammal      Summ           Unusable     N/A         1    N/A
 Call Imp                 Summ           Unusable     N/A         2    N/A
 Ensorcelled Hibernation  Hex/Ice        Unusable     N/A         2    N/A
 Slow                     Hex            Unusable     N/A         2    N/A
 Call Canine Familiar     Summ           Unusable     N/A         3    N/A
 Confuse                  Hex            Unusable     N/A         3    N/A
 Dazzling Flash           Conj/Hex       Unusable     N/A         3    N/A
 Inner Flame              Hex/Fire       Unusable     N/A         3    N/A
 Ozocubu's Armour         Chrm/Ice       Unusable     N/A         3    N/A
 Portal Projectile        Hex/Tloc       Unusable     N/A         3    N/A
 Spectral Weapon          Hex/Chrm       Unusable     N/A         3    N/A
 Summon Guardian Golem    Hex/Summ       Unusable     N/A         3    N/A
 Tukima's Dance           Hex            Unusable     N/A         3    N/A
 Cause Fear               Hex            Unusable     N/A         4    N/A
 Fulminant Prism          Conj/Hex       Unusable     N/A         4    N/A
 Hailstorm                Conj/Ice       Unusable     N/A         4    N/A
 Ice Form                 Ice/Tmut       Unusable     N/A         4    N/A
 Leda's Liquefaction      Hex/Erth       Unusable     N/A         4    N/A
 Passage of Golubria      Tloc           Unusable     N/A         4    N/A
 Summon Ice Beast         Ice/Summ       Unusable     N/A         4    N/A
 Summon Lightning Spire   Summ/Air       Unusable     N/A         4    N/A
 Metabolic Englaciation   Hex/Ice        Unusable     N/A         5    N/A
 Silence                  Hex/Air        Unusable     N/A         5    N/A
 Summon Mana Viper        Hex/Summ       Unusable     N/A         5    N/A
 Yara's Violent Unravell  Hex/Tmut       Unusable     N/A         5    N/A
 Invisibility             Hex            Unusable     N/A         6    N/A
 Simulacrum               Ice/Necr       Unusable     N/A         6    N/A
 Summon Hydra             Summ           Unusable     N/A         7    N/A
 Discord                  Hex            Unusable     N/A         8    N/A
 Dragon's Call            Summ           Unusable     N/A         9    N/A

Dungeon Overview and Level Annotations

Branches:
Dungeon (15/15)            Temple (0/1) D:7            Lair (6/6) D:11
  Swamp (4/4) Lair:2       Spider (4/4) Lair:3        Slime (0/5) Lair:5
    Orc (2/2) D:11            Elf (3/3) Orc:2        Vaults (5/5) D:13
  Crypt (0/3) Vaults:2     Depths (5/5) D:15            Zot (5/5) Depths:5
 Bailey (visited)           IceCv (visited)         Volcano (visited)

Altars:
Ashenzari
Cheibriados
Dithmenos
Fedhas
Gozag
Kikubaaqudgha
Makhleb
Ru
Sif Muna
Uskayaw
Vehumet
Wu Jian
Yredelemnul
Zin
The Shining One
Beogh
Jiyva

Shops:
D:8 (([:*   D:13 =:=*(   Orc:2 ?![:   Elf:2 *   Vaults:2 (   Vaults:4 ?
Depths:2 !*   Depths:5 %}=}

Portals:
Hell: Depths:1 Depths:2 Depths:3 Depths:4 Depths:5
Abyss: Depths:4 Depths:5
Pandemonium: Depths:2 Depths:3
Ziggurat: Depths:1

Annotations:
D:5 exclusion: door
D:8 2 transporters, Despondentz's ghost, novice GnVM
Spider:1 2 runed translucent doors, Leboarus's ghost, journeyman GrFi
Elf:2 3 runed translucent doors
Elf:3 exclusion: door
Vaults:3 1 runed translucent door, Guenter's ghost, adept VSWn
Depths:2 3 exclusions
Zot:4 1 runed translucent door, Odoorayh's ghost, master DDWn


Innate Abilities, Weirdness & Mutations

You have hooves in place of feet.
You are completely covered in iridescent scales. (AC +6)
Your flesh is cold resistant. (rC+)
A meltable icy envelope protects you from harm. (AC +10)
You resist negative energy. (rN+)
You are mostly covered in sharp spines.
You are somewhat able to resist unholy torments (1 in 2 success).
You are immune to freezing clouds.
You cannot study or use magical devices.
You cannot study or cast Hexes magic.
You cannot study or cast Ice magic.
You cannot study or cast Summoning magic.
You are somewhat inexperienced. (-2 XL)
You have a pair of small horns on your head.
Scrolls take you a little longer to read.
Your mind is acute. (Int +2)
You expend magic power (3 MP) to strengthen your wands.


Message History

You feel yourself speed up.
(D) Dungeon (T) Temple (L) Lair (S) Swamp (N) Spider Nest (M) Slime Pits (O) Orcish Mines (E) Elven Halls (V) Vaults (C) Crypt (U) Depths (H) Hell (Z) Zot
Where to? (Enter - D:1, ? - help)
What level of the Dungeon? (default 1, ? - help) You're already here!
(D) Dungeon (T) Temple (L) Lair (S) Swamp (N) Spider Nest (M) Slime Pits (O) Orcish Mines (E) Elven Halls (V) Vaults (C) Crypt (U) Depths (H) Hell (Z) Zot
Where to? (Enter - D:1, ? - help)
What level of the Dungeon? (default 1, ? - help)
You see here a +0 club.
There is a staircase leading out of the dungeon here.
Your extra speed is starting to run out.
There is a staircase leading out of the dungeon here.
You can't go down here!
You have escaped!

...# #)#
#..................#
...#
#.#######.#######...##.#
...# #...## #.#
##...###.# ##.#
###..####.## ##...## #.#
#.# ##.##....###...##
#.## #.# #.##.....#...##
#..# #.# ####........##
##.# #.#
#........#########. #.#
#.@................ #.#
#.........########. #.#
################# ##.
#.# #.....##..# #.. #.#
####.######.## ###.. #.#
#....#
##.############.... #.#
#.####
##..#..........[.#.#
#.###.#
#..##.############.#
##.....# #.....# #.#


There were no monsters in sight!

Vanquished Creatures
  Tiamat (Zot:3)
  8 orbs of fire
  Mara (Spider:3)
  A juggernaut (Depths:2)
  6 ancient liches
  3 greater mummies (Depths:1)
  4 Killer Klowns
  A shard shrike (Zot:5)
  3 curse toes
  3 caustic shrikes
  15 golden dragons
  2 bone dragons
  Arachne (Spider:3)
  24 tentacled monstrosities
  4 electric golems
  28 Orb Guardians
  9 liches
  A deep elf blademaster (Elf:3)
  8 quicksilver dragons
  2 tentacled starspawn (Abyss:4)
  An Executioner (D:10)
  6 titans (Vaults:5)
  5 sphinxes
  Agnes (D:15)
  10 death cobs
  11 storm dragons
  12 shadow dragons
  3 thorn hunters (Swamp:4)
  7 draconian monks
  12 deep elf sorcerers
  7 tengu reavers
  Louise (D:15)
  A daeva (D:5)
  24 vault wardens
  7 emperor scorpions (Spider:4)
  9 draconian knights
  10 draconian scorchers
  A balrug (D:5)
  14 fire giants
  7 ghost moths
  9 frost giants
  8 draconian shifters
  2 iron dragons
  10 deep elf elementalists
  4 draconian stormcallers
  24 ironheart preservers
  6 draconian annihilators
  5 spriggan defenders
  2 war gargoyles
  19 stone giants
  8 entropy weavers
  11 green draconians
  6 very ugly things
  3 deep elf demonologists (Elf:3)
  15 black draconians
  3 vampire knights
  8 purple draconians
  16 white draconians
  14 yellow draconians
  A minotaur (shapeshifter) (Elf:1)
  5 deep elf annihilators
  8 spark wasps
  15 red draconians
  8 deep elf death magi
  8 ettins
  9 fire dragons
  8 deep elf high priests
  2 mummy priests (Depths:1)
  Josephine (D:14)
  21 ogre magi
  30 vault guards
  16 yaktaur captains
  28 hydras
  8 great orbs of eyes
  6 ice dragons
  A monstrous demonspawn (Depths:3)
  Erolcha (Orc:2)
  2 shambling mangroves
  7 centaur warriors
  A rakshasa (Vaults:2)
  3 death knights
  3 ghost crabs
  10 spriggan air magi
  49 two-headed ogres
  2 catoblepae
  2 tengu warriors
  15 dancing weapons
  9 alligators
  Urug (D:11)
  8 deep troll shamans
  7 vampire magi
  A queen ant (Spider:1)
  6 spriggan berserkers
  9 deep troll earth magi
  An orc high priest (Elf:2)
  A death yak (IceCv)
  10 deep elf knights
  Nergalle (D:12)
  A sun demon (D:5)
  A wretched star (Abyss:4)
  A storm dragon skeleton (Vaults:5)
  2 iron trolls
  5 fire crabs (Lair:4)
  2 hell knights (Depths:3)
  5 skeletal warriors
  2 shadow wraiths (Vaults:1)
  A spatial maelstrom (Abyss:4)
  7 unseen horrors
  2 spriggan druids (Swamp:4)
  A torturous demonspawn (D:10)
  3 flayed ghosts
  33 deep trolls
  A swamp dragon (shapeshifter) (Vaults:4)
  13 deep elf archers
  10 swamp dragons
  9 wizards
  17 ironbrand convokers
  11 orc knights
  6 harpies
  3 glowing orange brains
  A tengu zombie (Vaults:5)
  5 phantasmal warriors
  12 necromancers
  58 deep elf magi
  A lindwurm (Orc:1)
  27 wolf spiders
  14 orb spiders
  2 salamanders (shapeshifter)
  10 orc sorcerers
  A faun (shapeshifter) (Vaults:1)
  A worldbinder (Abyss:4)
  A cyclops (shapeshifter) (Vaults:5)
  A human zombie (Vaults:4)
  5 elephants (Lair:3)
  An orb spider (shapeshifter) (Vaults:2)
  16 vault sentinels
  A manticore (D:14)
  68 ugly things
  35 moths of wrath
  6 cyclopes
  A smoke demon (Depths:3)
  A stone giant skeleton (Vaults:5)
  2 black mambas (Lair:2)
  An apocalypse crab (Lair:4)
  A centaur zombie (D:15)
  A gargoyle (D:14)
  A torpor snail (Lair:4)
  5 molten gargoyles (Volcano)
  An orange demon (Depths:3)
  34 spiny frogs
  2 rime drakes
  A hellion (Depths:3)
  5 komodo dragons
  A komodo dragon (shapeshifter) (Vaults:5)
  45 yaktaurs
  2 kobold demonologists
  14 freezing wraiths
  10 demonic crawlers
  A yaktaur zombie (Vaults:4)
  3 efreet
  A yaktaur skeleton (Vaults:4)
  An ancient zyme (Abyss:4)
  A queen bee (shapeshifter) (Depths:1)
  3 ice devils
  3 red devils (D:5)
  8 tyrant leeches
  5 tengu conjurers
  17 polar bears
  A troll (shapeshifter) (Vaults:4)
  12 trolls
  A jumping spider (shapeshifter) (Vaults:2)
  17 jumping spiders
  A wind drake (shapeshifter) (Depths:5)
  3 raiju (Abyss:4)
  15 hornets
  5 hippogriffs
  Prince Ribbit (D:8)
  25 blink frogs
  7 bog bodies
  A hippogriff (shapeshifter) (Depths:3)
  An ettin zombie (Vaults:4)
  23 slime creatures
  4 dream sheep (Lair:6)
  An ice dragon zombie (Abyss:2)
  15 small abominations
  A stone giant simulacrum (Vaults:3)
  A shadow (Swamp:1)
  Sigmund (D:2)
  26 flying skulls
  2 air elementals
  6 water elementals
  35 redbacks
  10 spriggans
  7 wyverns
  7 wraiths
  41 yaks
  18 large abominations
  23 fire elementals
  A basilisk (Lair:6)
  12 tarantellas
  6 chaos spawn
  27 vampire mosquitoes
  2 hogs (shapeshifter)
  3 hungry ghosts
  A warg (Orc:1)
  2 human simulacra
  9 insubstantial wisps
  19 soldier ants (Spider:1)
  An acid dragon (D:15)
  20 swamp worms
  5 water moccasins
  4 floating eyes
  4 soldier ants (shapeshifter)
  7 porcupines
  10 swamp drakes
  An ice beast (D:6)
  45 orc warriors
  3 sky beasts
  3 black bears
  2 phantoms (D:10)
  A hornet zombie (D:11)
  7 necrophages
  2 eyes of draining
  25 boggarts
  17 wolves
  An ogre (shapeshifter) (Depths:5)
  51 ogres
  15 centaurs
  A crocodile (shapeshifter) (Depths:1)
  20 crocodiles
  Blork the orc (D:4)
  3 big kobolds
  2 elf zombies
  A wyvern zombie (D:14)
  31 bullfrogs
  4 earth elementals
  2 gnoll sergeants
  4 scorpions
  16 killer bees
  A howler monkey (D:6)
  8 electric eels
  16 crimson imps
  2 starcursed masses (Abyss:4)
  9 jellies
  4 centaur skeletons
  20 orc priests
  5 bullfrog skeletons
  4 hounds
  An iron imp (Abyss:4)
  43 orc wizards
  Natasha (thrice) (D:4)
  7 iguanas
  5 hell rats (Lair:6)
  17 worker ants
  A killer bee zombie (D:9)
  A hound zombie (D:11)
  A hound skeleton (D:4)
  9 gnolls
  2 howler monkey skeletons
  12 adders
  8 river rats
  3 shadow imps
  A white imp (Abyss:2)
  An ufetubus (Abyss:2)
  20 oozes
  2 adder zombies
  4 worms
  2 adder skeletons (D:7)
  5 leopard geckos
  161 orcs
  6 bats
  5 giant cockroaches
  10 goblins
  6 hobgoblins
  6 jackals
  13 quokkas
  3 ball pythons
  3 frilled lizards
  24 kobolds
  A leopard gecko skeleton (D:4)
  3 quokka zombies
  19 rats
  3 crawling corpses (Vaults:5)
  4 fungi (Lair:6)
  4 plants
  2 starspawn tentacles (Abyss:4)
2536 creatures vanquished.

Vanquished Creatures (others)
  An Orb Guardian (Zot:5)
  Donald (Elf:3)
  A frost giant (IceCv)
  A ghost moth (Spider:4)
  2 ironheart preservers
  A stone giant (Depths:3)
  An entropy weaver (Spider:1)
  3 yaktaur captains
  A deep elf high priest (Elf:3)
  4 hydras
  A vault guard (Vaults:4)
  2 centaur warriors
  An alligator (Swamp:2)
  4 two-headed ogres
  A deep elf knight (Elf:2)
  A hell knight (Depths:3)
  A shadow wraith (Vaults:1)
  An iron troll (Depths:5)
  A necromancer (Vaults:5)
  An ironbrand convoker (Vaults:3)
  2 deep elf magi
  4 deep elf archers
  2 orb spiders (Spider:4)
  A salamander (Depths:2)
  2 moths of wrath
  3 spiny frogs
  A torpor snail (Spider:1)
  12 yaktaurs
  A jumping spider (Spider:3)
  A tyrant leech (Lair:6)
  3 hornets
  A blink frog (Lair:4)
  A bog body (Swamp:4)
  3 slime creatures
  A flying skull (Zot:1)
  2 spriggans
  2 redbacks
  2 tarantellas
  A small abomination (Depths:5)
  An orc warrior (D:12)
  2 swamp drakes (Swamp:4)
  An ice beast (D:9)
  A boggart (Vaults:2)
  2 ogres
  A crocodile (D:7)
  A crimson imp (Depths:2)
  2 orc wizards
  A river rat (D:6)
  An ooze (D:5)
  2 orcs
  2 kobolds (D:11)
  A bush (Depths:5)
  15 fungi
  38 plants
  2 starspawn tentacles (Abyss:4)
148 creatures vanquished.

Grand Total: 2684 creatures vanquished

Notes
Turn   | Place    | Note
-------+----------+-------------------------------------------
     0 | D:1      | Blackhawk the Demonspawn Fighter began the quest for the
                  | Orb.
     0 | D:1      | Reached XP level 1. HP: 18/18 MP: 1/1
   368 | D:1      | Gained mutation: You have large cloven feet. [demonic
                  | ancestry]
   368 | D:1      | Reached XP level 2. HP: 23/24 MP: 2/2
  1044 | D:2      | Found a sacrificial altar of Ru.
  1050 | D:2      | Reached XP level 3. HP: 22/29 MP: 3/3
  1069 | D:2      | Became a worshipper of Ru the Awakened
  1495 | D:2      | Noticed Sigmund
  1516 | D:2      | Killed Sigmund
  1516 | D:2      | Reached skill level 4 in Fighting
  1516 | D:2      | Gained mutation: Your flesh is cold resistant. (rC+)
                  | [demonic ancestry]
  1516 | D:2      | Reached XP level 4. HP: 5/37 MP: 4/4
  1516 | D:2      | Reached XP level 5. HP: 5/42 MP: 5/5
  1804 | D:2      | Found an opulent altar of Gozag.
  2070 | D:3      | Noticed a black bear
  2076 | D:3      | Killed a black bear
  2076 | D:3      | Gained mutation: You are partially covered in sharp spines.
                  | [demonic ancestry]
  2076 | D:3      | Reached XP level 6. HP: 31/49 MP: 6/6
  2194 | D:3      | Found a faded altar of an unknown god.
  2469 | D:3      | Gained mutation: You cannot study or cast Ice magic. [Ru
                  | sacrifice]
  2469 | D:3      | Gained mutation: You cannot study or cast Hexes magic. [Ru
                  | sacrifice]
  2469 | D:3      | Gained mutation: You cannot study or cast Summoning magic.
                  | [Ru sacrifice]
  2469 | D:3      | Reached * piety under Ru
  2589 | D:3      | Found a hide-covered altar of Uskayaw.
  2831 | D:4      | Noticed Natasha
  2841 | D:4      | Killed Natasha
  3094 | D:4      | Noticed Blork the orc
  3102 | D:4      | Killed Blork the orc
  3294 | D:4      | Noticed Natasha
  3301 | D:4      | Killed Natasha
  3301 | D:4      | Reached XP level 7. HP: 33/55 MP: 7/7
  3473 | D:4      | Found a burning altar of Makhleb.
  3584 | D:4      | Found a blossoming altar of Fedhas.
  3613 | D:4      | Noticed Natasha
  3621 | D:4      | Killed Natasha
  4113 | D:4      | Reached skill level 5 in Fighting
  4267 | D:5      | Entered Level 5 of the Dungeon
  4482 | D:5      | Found the +6 Majin-Bo {vamp, Archmagi MP+6 Int+6}
  4583 | D:5      | Found a shimmering blue altar of Sif Muna.
  4637 | D:5      | Reached skill level 1 in Dodging
  4807 | D:5      | Reached skill level 5 in Shields
  4812 | D:5      | Gained mutation: You cannot study or use magical devices.
                  | [Ru sacrifice]
  4812 | D:5      | Reached ** piety under Ru
  4812 | D:5      | Reached *** piety under Ru
  5365 | D:6      | Reached XP level 8. HP: 62/62 MP: 8/8
  5482 | D:5      | Reached skill level 5 in Armour
  6560 | D:7      | Found a staircase to the Ecumenical Temple.
  6869 | D:7      | Reached skill level 6 in Fighting
  6869 | D:7      | Reached skill level 5 in Axes
  7107 | D:7      | Found an ornate altar of the Wu Jian Council.
  7538 | D:8      | Found a shadowy altar of Dithmenos.
  7540 | D:8      | Found a glowing silver altar of Zin.
  7544 | D:8      | Noticed a hippogriff
  7638 | D:8      | Found a transporter.
  7652 | D:8      | Found a transporter.
  7667 | D:8      | Noticed a moth of wrath
  7668 | D:8      | Noticed Despondentz's ghost (novice GnVM)
  7675 | D:8      | Found Huon's Antique Armour Shoppe.
  7690 | D:8      | Got a heavily runed chain mail
  7697 | D:8      | Gained mutation: You have hoof-like feet. [demonic
                  | ancestry]
  7697 | D:8      | Reached XP level 9. HP: 61/69 MP: 9/9
  7805 | D:8      | Found Jodal's Weapon Boutique.
  7833 | D:8      | Found Gyedaty's Weapon Emporium.
  7856 | D:8      | Noticed Prince Ribbit
  7870 | D:8      | Killed Prince Ribbit
  7959 | D:8      | Found Taubuapp's Book Shop.
  8172 | D:8      | Found Eremm's General Store.
  8179 | D:8      | Bought the amulet of Qephereg {Reflect rF+ Str+3 Int-2
                  | Dex+3 SH+2} for 388 gold pieces
  8245 | D:8      | Found a glowing golden altar of the Shining One.
  8245 | D:8      | Found a snail-covered altar of Cheibriados.
  8246 | D:8      | Found a radiant altar of Vehumet.
  8521 | D:9      | Noticed a two-headed ogre
  8532 | D:9      | Killed a two-headed ogre
  8744 | D:9      | Noticed a two-headed ogre
  8747 | D:9      | Killed a two-headed ogre
  8939 | D:9      | Found a basalt altar of Yredelemnul.
  8987 | D:9      | Reached XP level 10. HP: 52/77 MP: 10/10
  8990 | D:9      | Reached skill level 7 in Fighting
  9641 | D:9      | Found a shattered altar of Ashenzari.
 10110 | D:10     | Entered Level 10 of the Dungeon
 10277 | D:10     | Identified the +4 chain mail "Erihucad" {rF+ Regen+ Str+4}
                  | (You found it on level 8 of the Dungeon)
 10311 | D:10     | Noticed a two-headed ogre
 10321 | D:10     | Killed a two-headed ogre
 10546 | D:10     | Found a blossoming altar of Fedhas.
 10596 | D:10     | Reached skill level 5 in Dodging
 11166 | D:11     | Gained mutation: You have hooves in place of feet. [demonic
                  | ancestry]
 11166 | D:11     | Reached XP level 11. HP: 79/86 MP: 11/11
 11229 | D:11     | Noticed a seven-headed hydra
 11243 | D:11     | HP: 1/86 [seven-headed hydra (12)]
 11248 | D:11     | Killed a seven-headed hydra
 11248 | D:11     | Reached skill level 8 in Fighting
 11441 | D:11     | Found a staircase to the Orcish Mines.
 11536 | D:11     | Noticed Urug
 11570 | D:11     | Killed Urug
 11799 | D:11     | Found a staircase to the Lair.
 12223 | D:12     | Noticed a brown ugly thing
 12232 | D:12     | Killed a brown ugly thing
 12232 | D:12     | Reached skill level 10 in Shields
 12592 | D:12     | Noticed an orc knight
 12651 | D:12     | Killed an orc knight
 12769 | D:12     | Found a roughly hewn altar of Beogh.
 12812 | D:12     | Noticed a two-headed ogre
 12822 | D:12     | Killed a two-headed ogre
 12841 | D:12     | Identified the Papyrus of Boosts and Envenoming
 12855 | D:12     | Noticed Nergalle
 12893 | D:12     | Killed Nergalle
 13100 | D:12     | Noticed a centaur warrior
 13101 | D:12     | Noticed a two-headed ogre
 13207 | D:11     | Gained mutation: You are mostly covered in sharp spines.
                  | [demonic ancestry]
 13207 | D:11     | Reached XP level 12. HP: 16/94 MP: 12/12
 13209 | D:11     | Reached skill level 9 in Fighting
 13331 | D:12     | Killed a centaur warrior
 13338 | D:11     | Killed a two-headed ogre
 13582 | D:12     | Noticed a tengu warrior
 13603 | D:12     | Killed a tengu warrior
 13698 | D:12     | Noticed an eight-headed hydra
 13708 | D:12     | Killed an eight-headed hydra
 14208 | D:13     | Noticed a catoblepas
 14216 | D:13     | Killed a catoblepas
 14225 | D:13     | Identified the +6 long sword of Discord {flame, MR+ SInv}
                  | (You found it on level 13 of the Dungeon)
 14437 | D:13     | Found Impy's Book Shoppe.
 14538 | D:13     | Found Pyce's Jewellery Shop.
 14587 | D:13     | Found Givoczax's Assorted Antiques.
 14591 | D:13     | Found Toafos's Jewellery Shoppe.
 14815 | D:13     | Found Vikkosch's Weapon Shop.
 14819 | D:13     | Noticed a two-headed ogre
 14820 | D:13     | Noticed a two-headed ogre
 14829 | D:13     | Killed a two-headed ogre
 14843 | D:13     | Killed a two-headed ogre
 14854 | D:13     | Found a gate to the Vaults.
 14877 | D:13     | Noticed a centaur warrior
 14884 | D:13     | Killed a centaur warrior
 14884 | D:13     | Reached XP level 13. HP: 57/103 MP: 13/13
 15234 | D:13     | Bought a scroll labeled NUNENUHEDE for 26 gold pieces
 15234 | D:13     | Bought a scroll labeled QOIPPA HEUNWIUFF for 26 gold pieces
 15350 | D:14     | Found a flagged portal.
 15368 | D:14     | Reached skill level 10 in Fighting
 15378 | Bailey   | Entered a bailey
 15695 | Bailey   | Got an ichor-stained executioner's axe
 16476 | D:14     | Identified the cursed +3 executioner's axe of Contention
                  | {venom, MP+9 Str-4 Int+7} (You found it in a bailey)
 16845 | D:15     | Entered Level 15 of the Dungeon
 16848 | D:15     | Noticed Josephine
 16853 | D:15     | Noticed a fire giant
 16877 | D:14     | Killed a fire giant
 17188 | D:14     | Reached skill level 11 in Fighting
 17205 | D:14     | Killed Josephine
 17207 | D:14     | Reached skill level 10 in Armour
 17226 | D:15     | Found a staircase to the Depths.
 17341 | D:15     | Noticed Louise
 17370 | D:15     | Cast into level 2 of the Abyss (Louise)
 17463 | Abyss:2  | Noticed a black draconian
 17466 | Abyss:2  | Noticed a starcursed mass
 17713 | Abyss:2  | Noticed a tentacled starspawn
 17766 | D:15     | Escaped the Abyss
 17827 | D:13     | Bought a cursed ring of poison resistance for 187 gold
                  | pieces
 17925 | Lair:1   | Entered Level 1 of the Lair of Beasts
 18010 | Lair:1   | Gained mutation: You are somewhat inexperienced. (-2 XL)
                  | [Ru sacrifice]
 18010 | Lair:1   | Reached XP level 12. HP: 70/80 MP: 12/12
 18010 | Lair:1   | Reached XP level 11. HP: 70/74 MP: 11/11
 18010 | Lair:1   | Reached **** piety under Ru
 18010 | Lair:1   | Reached ***** piety under Ru
 18010 | Lair:1   | Reached ****** piety under Ru
 18124 | Lair:1   | Reached XP level 12. HP: 80/80 MP: 12/12
 18291 | Lair:1   | Noticed a seven-headed hydra
 18300 | Lair:1   | Killed a three-headed hydra
 18382 | Lair:1   | Reached skill level 10 in Axes
 18855 | Lair:2   | Found a frozen archway.
 18885 | IceCv    | Entered an ice cave
 19253 | IceCv    | Noticed a frost giant
 19253 | IceCv    | Noticed a death yak
 19265 | IceCv    | Killed a death yak
 19280 | IceCv    | Killed a frost giant
 19280 | IceCv    | Reached skill level 12 in Fighting
 19648 | Lair:2   | Noticed a five-headed hydra
 19657 | Lair:2   | Reached XP level 13. HP: 106/108 MP: 13/13
 19849 | Lair:2   | Found a staircase to the Swamp.
 21150 | Lair:3   | Found a hole to the Spider Nest.
 21477 | Lair:4   | Found a runed translucent door.
 22455 | Lair:4   | Noticed an entropy weaver
 22469 | Lair:4   | Killed an entropy weaver
 22547 | Lair:4   | Noticed an entropy weaver
 22569 | Lair:4   | Killed an entropy weaver
 22569 | Lair:4   | Reached skill level 13 in Fighting
 22724 | Lair:4   | Noticed an entropy weaver
 22748 | Lair:4   | Killed an entropy weaver
 22748 | Lair:4   | Gained mutation: You are immune to freezing clouds.
                  | [demonic ancestry]
 22748 | Lair:4   | Reached XP level 14. HP: 42/118 MP: 14/14
 22752 | Lair:4   | Got a transparent bronze amulet
 22755 | Lair:4   | Identified the +5 lajatang of Disaster {slice, rN+ Str-2
                  | Dex+4} (You found it on level 4 of the Lair of Beasts)
 22977 | Lair:5   | Found a staircase to the Slime Pits.
 22977 | Lair:5   | Found a viscous altar of Jiyva.
 23774 | Lair:6   | Entered Level 6 of the Lair of Beasts
 24397 | Lair:6   | Got a faintly glowing amber ring
 24972 | Spider:1 | Entered Level 1 of the Spider Nest
 25106 | Spider:1 | Noticed an entropy weaver
 25122 | Spider:1 | Killed an entropy weaver
 25145 | Spider:1 | Noticed an entropy weaver
 25482 | Lair:3   | Killed an entropy weaver
 25482 | Lair:3   | Reached skill level 14 in Fighting
 25791 | Spider:1 | Found a large runed translucent door.
 25791 | Spider:1 | Found a large runed translucent door.
 25793 | Spider:1 | Noticed Leboarus's ghost (journeyman GrFi)
 25847 | Spider:1 | Noticed an entropy weaver
 25859 | Spider:1 | Killed an entropy weaver
 25890 | Spider:1 | Noticed an entropy weaver
 25901 | Spider:1 | Killed an entropy weaver
 25917 | Spider:1 | Gained mutation: You are partially covered in iridescent
                  | scales. (AC +2) [demonic ancestry]
 25917 | Spider:1 | Reached XP level 15. HP: 104/126 MP: 15/15
 26293 | Swamp:1  | Entered Level 1 of the Swamp
 28914 | Swamp:4  | Entered Level 4 of the Swamp
 29440 | Swamp:4  | Reached skill level 15 in Fighting
 29638 | Swamp:4  | Identified the ring "Hanonaeg" {*Corrode rC+ MR+++ MP-9
                  | Stlth+} (You found it on level 6 of the Lair of Beasts)
 29666 | Swamp:4  | Noticed a thorn hunter
 29676 | Swamp:4  | Killed a thorn hunter
 29988 | Swamp:4  | Noticed a thorn hunter
 30024 | Swamp:4  | Killed a thorn hunter
 30024 | Swamp:4  | Reached XP level 16. HP: 31/136 MP: 16/16
 30717 | Swamp:4  | Identified 2 scrolls of acquirement
 30718 | Swamp:4  | Got an ebony broad axe
 30719 | Swamp:4  | Identified the +8 broad axe of Ancient Evil {chop, rN+
                  | Dex+2} (You acquired it on level 4 of the Swamp)
 30764 | Swamp:4  | Noticed a thorn hunter
 30787 | Swamp:4  | Killed a thorn hunter
 30888 | Swamp:4  | Got a decaying rune of Zot
 31460 | Spider:2 | Identified the +0 helmet "Ibbe" {rF- rC- MR+++ Dex+6} (You
                  | found it on level 2 of the Spider Nest)
 31808 | Spider:3 | Noticed Arachne
 31826 | Spider:3 | Killed Arachne
 32246 | Spider:3 | Noticed Mara
 32249 | Spider:3 | Noticed Blackhawk's illusion
 32260 | Spider:3 | Killed Mara
 32458 | Spider:4 | Entered Level 4 of the Spider Nest
 32475 | Spider:4 | Reached skill level 16 in Fighting
 33021 | Spider:4 | Reached XP level 17. HP: 126/144 MP: 10/17
 33630 | Spider:4 | Got a gossamer rune of Zot
 34076 | D:14     | Identified the amulet "Xikag" {RegenMP rC+} (You found it
                  | on level 4 of the Lair of Beasts)
 34449 | D:15     | Noticed Agnes
 34458 | D:15     | Killed Agnes
 34640 | D:15     | Killed Louise
 34891 | Orc:1    | Entered Level 1 of the Orcish Mines
 35069 | Orc:1    | Found a dark tunnel.
 35076 | Volcano  | Entered a volcano
 35097 | Volcano  | Reached skill level 15 in Axes
 35168 | Volcano  | Got a pair of heavily runed gloves
 35403 | Orc:1    | You fall into a shaft and drop 1 floor!
 35403 | Orc:2    | Entered Level 2 of the Orcish Mines
 35403 | Orc:2    | Found a radiant altar of Vehumet.
 35403 | Orc:2    | Found Roug's Distillery.
 35403 | Orc:2    | Noticed Erolcha
 35580 | Orc:2    | Found a roughly hewn altar of Beogh.
 35688 | Orc:2    | Found a staircase to the Elven Halls.
 35880 | Orc:1    | Identified the +0 pair of gloves "Leezadim" {rPois rC+
                  | Str-5 Slay+3} (You found it in a volcano)
 36139 | Orc:2    | Found Hauwuach's Book Boutique.
 36185 | Orc:2    | Killed Erolcha
 36185 | Orc:2    | Reached skill level 15 in Shields
 36214 | Orc:2    | Found an ancient bone altar of Kikubaaqudgha.
 36220 | Orc:2    | Found a roughly hewn altar of Beogh.
 36221 | Orc:2    | Found Vaquixt's Magic Scroll Shop.
 36349 | Orc:2    | Found Otoyrrys's Antique Armour Shop.
 36357 | Orc:2    | Bought a pair of polished gloves for 266 gold pieces
 36357 | Orc:2    | Identified the +2 pair of gloves of Gozag's Esteem {rPois
                  | rC- Int+4 Dex+4} (You bought it in a shop on level 2 of the
                  | Orcish Mines)
 36492 | Elf:1    | Entered Level 1 of the Elven Halls
 36511 | Elf:1    | Found a radiant altar of Vehumet.
 36781 | Elf:1    | Found a magical portal.
 36922 | Elf:1    | Reached skill level 17 in Fighting
 36941 | Elf:1    | Identified Dupu's Grimoire of Evil
 37480 | Elf:2    | Found a runed translucent gate.
 37481 | Elf:2    | Found a runed translucent gate.
 37561 | Elf:2    | Found Gozxuy's Assorted Antiques.
 37723 | Elf:2    | Found a runed translucent gate.
 37815 | Elf:2    | Reached XP level 18. HP: 138/155 MP: 9/18
 38078 | Elf:3    | Entered Level 3 of the Elven Halls
 38125 | Elf:3    | Noticed Donald
 38136 | Elf:3    | Killed Donald
 38768 | Elf:3    | Noticed a Brimstone Fiend
 39015 | Elf:3    | Got a fine copper ring
 39016 | Elf:3    | Identified the ring "Pominin" {MR+ Str+4 Dex+3} (You
                  | acquired it on level 3 of the Elven Halls)
 39221 | Elf:3    | Identified the +7 morningstar of War {antimagic, MR+}
 39221 | Elf:3    | Identified the ring "Migics" {AC+2 Int+2 Dex+2}
 39436 | Elf:3    | Identified the Catalogue of Dusty Feathers
 39512 | Elf:3    | Reached skill level 18 in Fighting
 39905 | Vaults:1 | Entered Level 1 of the Vaults
 40435 | Vaults:1 | Found the -2 hat of the Alchemist {rElec rPois rF+ rC+ rN+
                  | MR+ rMut rCorr}
 40442 | Vaults:1 | Gained mutation: You are mostly covered in iridescent
                  | scales. (AC +4) [demonic ancestry]
 40442 | Vaults:1 | Reached XP level 19. HP: 163/163 MP: 10/19
 41903 | Vaults:2 | Found Rejuor's Weapon Shop.
 42264 | Vaults:2 | Reached skill level 19 in Fighting
 43159 | Vaults:2 | Found a staircase to the Crypt.
 43342 | Vaults:3 | Gained mutation: You are completely covered in iridescent
                  | scales. (AC +6) [demonic ancestry]
 43342 | Vaults:3 | Reached XP level 20. HP: 116/174 MP: 11/20
 43472 | Vaults:3 | Found a runed translucent door.
 43472 | Vaults:3 | Noticed Guenter's ghost (adept VSWn)
 43798 | Vaults:3 | Reached skill level 15 in Armour
 44677 | Vaults:3 | Got a transparent wooden ring
 44678 | Vaults:3 | Identified the ring of Kujil {rF+ Dex+2} (You found it on
                  | level 3 of the Vaults)
 45093 | Vaults:4 | Reached skill level 20 in Fighting
 45566 | Vaults:4 | Gained mutation: You resist negative energy. (rN+) [demonic
                  | ancestry]
 45566 | Vaults:4 | Reached XP level 21. HP: 167/183 MP: 12/21
 45812 | Vaults:4 | Found Suol's Magic Scroll Boutique.
 46134 | Vaults:4 | Found the +5 demon whip "Spellbinder" {antimagic, MR+}
 46586 | Depths:1 | Entered Level 1 of the Depths
 46709 | Depths:1 | Found a gateway to Hell.
 46998 | Depths:1 | Found the +6 arbalest "Damnation" {damnation}
 47188 | Depths:1 | Found a gateway to a ziggurat.
 47379 | Depths:1 | Noticed a greater mummy
 47397 | Depths:1 | Killed a greater mummy
 47519 | Depths:1 | Noticed a greater mummy
 47531 | Depths:1 | Killed a greater mummy
 47532 | Depths:1 | Noticed a greater mummy
 47543 | Depths:1 | Killed a greater mummy
 47685 | Depths:1 | Found the +7 sceptre of Torment {pain, torment}
 47893 | Depths:2 | Paralysed by a floating eye for 2 turns
 48002 | Depths:2 | Found a one-way gate leading to the halls of Pandemonium.
 48003 | Depths:2 | Noticed a juggernaut
 48016 | Depths:2 | Killed a juggernaut
 48130 | Depths:2 | Reached skill level 21 in Fighting
 48256 | Depths:2 | Noticed a caustic shrike
 48262 | Depths:2 | Killed a caustic shrike
 48325 | Depths:2 | Identified the ring of Wyim {*Corrode EV+3 Str-3 Int+8
                  | Slay+3}
 48326 | Depths:2 | Noticed a golden dragon
 48344 | Depths:2 | Noticed a caustic shrike
 48351 | Depths:2 | Killed a caustic shrike
 48366 | Depths:2 | Killed a golden dragon
 48366 | Depths:2 | Gained mutation: You are somewhat able to resist unholy
                  | torments (1 in 2 success). [demonic ancestry]
 48366 | Depths:2 | Reached XP level 22. HP: 163/194 MP: 22/22
 48401 | Depths:2 | Identified Witchcraft for Rookies
 48602 | Depths:2 | Found Tuolioz's Assorted Antiques.
 48615 | Depths:2 | Found Kyhijaj's Distillery.
 50546 | Depths:4 | Reached skill level 22 in Fighting
 50750 | Depths:4 | Noticed a golden dragon
 50758 | Depths:4 | Killed a golden dragon
 50899 | Depths:4 | Found a one-way gate to the infinite horrors of the Abyss.
 51014 | Depths:4 | Noticed a caustic shrike
 51022 | Depths:4 | Killed a caustic shrike
 51383 | Depths:5 | Entered Level 5 of the Depths
 51487 | Depths:5 | Reached XP level 23. HP: 152/203 MP: 23/23
 51630 | Depths:5 | Found a gate to the Realm of Zot.
 52306 | Depths:5 | Found Tidulore's Gadget Boutique.
 52414 | Depths:5 | Found Geryon's Jewellery Emporium.
 52415 | Depths:5 | Found Ycusm's Gadget Boutique.
 52523 | Depths:5 | Found Masaheb's Food Shop.
 52954 | Depths:5 | Upgraded the game from 0.25-a0-191-ga656ec4 to
                  | 0.25-a0-237-g0889b22
 53285 | Vaults:4 | Got a pair of steaming gloves
 53286 | Vaults:4 | Identified the +4 pair of gloves "Vuzubliq" {rElec} (You
                  | acquired it on level 4 of the Vaults)
 53300 | Vaults:5 | Entered Level 5 of the Vaults
 53385 | Vaults:5 | Noticed an ancient lich
 53425 | Vaults:4 | Killed an ancient lich
 53425 | Vaults:4 | Reached skill level 23 in Fighting
 53775 | Vaults:5 | Cast into level 4 of the Abyss (a lich)
 53905 | Abyss:4  | Gained mutation: You are agile. (Dex +2) [a neqoxec]
 53932 | Abyss:4  | Paralysed by accursed screaming for 2 turns
 53933 | Abyss:4  | Gained mutation: You are weak. (Str -2) [a neqoxec]
 54132 | Vaults:5 | Escaped the Abyss
 54211 | Vaults:5 | Reached XP level 24. HP: 193/214 MP: 23/23
 54447 | Vaults:5 | Identified the +4 battleaxe of Theory {freeze, rF+ Int+2}
 54645 | Vaults:5 | Identified the ring of Duseah {rF+ rC+ Str-2 Int+5 Stlth+}
 54742 | Vaults:5 | Got a silver rune of Zot
 55071 | Vaults:5 | Noticed an ancient lich
 55093 | Vaults:5 | Killed an ancient lich
 55093 | Vaults:5 | Reached skill level 24 in Fighting
 55418 | Vaults:5 | Identified the +4 glaive "Ujucwo" {chop, Stlth+}
 55472 | Vaults:5 | Got a steaming ivory ring
 55662 | Vaults:5 | Identified the ring "Naalat" {rPois rC++ rN+ Dex+4} (You
                  | found it on level 5 of the Vaults)
 55991 | Zot:1    | Entered Level 1 of the Realm of Zot
 56055 | Zot:1    | Gained mutation: A meltable icy envelope protects you from
                  | harm. (AC +10) [demonic ancestry]
 56055 | Zot:1    | Reached XP level 25. HP: 225/225 MP: 23/23
 57108 | Zot:1    | Noticed an ancient lich
 57116 | Zot:1    | Killed an ancient lich
 57116 | Zot:1    | Reached skill level 25 in Fighting
 57502 | Zot:2    | Noticed an orb of fire
 57523 | Zot:2    | Killed an orb of fire
 57807 | Zot:2    | Noticed an ancient lich
 57824 | Zot:2    | Killed an ancient lich
 58833 | Zot:3    | Identified the +4 dragonskin cloak
 58833 | Zot:3    | Noticed Tiamat
 58867 | Zot:3    | Killed Tiamat
 59712 | Zot:4    | Reached skill level 26 in Fighting
 60674 | Zot:4    | Found a runed translucent door.
 60677 | Zot:4    | Noticed Odoorayh's ghost (master DDWn)
 60958 | Zot:4    | Noticed a Killer Klown
 60971 | Zot:4    | Killed a Killer Klown
 61032 | Zot:5    | Entered Level 5 of the Realm of Zot
 61070 | Zot:5    | Noticed a Killer Klown
 61071 | Zot:5    | Noticed an orb of fire
 61071 | Zot:5    | Noticed an orb of fire
 61072 | Zot:5    | Noticed an orb of fire
 61073 | Zot:5    | Noticed a shard shrike
 61073 | Zot:5    | a Killer Klown changed into a shard shrike
 61085 | Zot:5    | Noticed a Killer Klown
 61086 | Zot:5    | Noticed an orb of fire
 61087 | Zot:5    | Noticed a Killer Klown
 61090 | Zot:5    | Noticed an orb of fire
 61090 | Zot:5    | Noticed an orb of fire
 61095 | Zot:5    | Noticed an orb of fire
 61098 | Zot:5    | Noticed a Killer Klown
 61099 | Zot:5    | Gained mutation: You occasionally shout uncontrollably at
                  | your foes. [an orb of fire]
 61105 | Zot:5    | Noticed an ancient lich
 61105 | Zot:5    | Noticed an ancient lich
 61119 | Zot:5    | Gained mutation: You do not regenerate when monsters are
                  | visible. [an orb of fire]
 61120 | Zot:5    | Killed an orb of fire
 61475 | Zot:5    | Killed a Killer Klown
 61512 | Zot:5    | Killed a Killer Klown
 61623 | Zot:5    | Killed an ancient lich
 61669 | Zot:5    | Killed an ancient lich
 61688 | Zot:5    | Gained mutation: You are very weak. (Str -4) [an orb of
                  | fire]
 61898 | Zot:5    | Gained mutation: Scrolls take you a little longer to read.
                  | [an orb of fire]
 61900 | Zot:5    | Killed an orb of fire
 61900 | Zot:5    | Reached skill level 27 in Fighting
 61901 | Zot:5    | Killed an orb of fire
 61905 | Zot:5    | Killed an orb of fire
 61919 | Zot:5    | Killed an orb of fire
 61933 | Zot:5    | Killed an orb of fire
 61941 | Zot:5    | Killed an orb of fire
 62106 | Zot:5    | Killed a Killer Klown
 62322 | Zot:5    | Killed a shard shrike
 62564 | Zot:5    | Lost mutation: You are agile. (Dex +2) [potion of mutation]
 62564 | Zot:5    | Lost mutation: You occasionally shout uncontrollably at
                  | your foes. [potion of mutation]
 62564 | Zot:5    | Gained mutation: Your body sometimes deteriorates upon
                  | taking damage. [potion of mutation]
 62564 | Zot:5    | Gained mutation: You can translocate small distances at
                  | will. [potion of mutation]
 62564 | Zot:5    | Lost mutation: Scrolls take you a little longer to read.
                  | [potion of mutation]
 62564 | Zot:5    | Gained mutation: You are covered in fur. (AC +1) [potion of
                  | mutation]
 62565 | Zot:5    | Lost mutation: You are very weak. (Str -4) [potion of
                  | mutation]
 62565 | Zot:5    | Lost mutation: You are weak. (Str -2) [potion of mutation]
 62565 | Zot:5    | Gained mutation: You have an increased reservoir of magic.
                  | (+10% MP) [potion of mutation]
 62565 | Zot:5    | Gained mutation: You expend magic power (3 MP) to
                  | strengthen your wands. [potion of mutation]
 62565 | Zot:5    | Gained mutation: Your flesh is heat resistant. (rF+)
                  | [potion of mutation]
 62574 | Zot:5    | Lost mutation: You are covered in fur. (AC +1) [potion of
                  | mutation]
 62574 | Zot:5    | Lost mutation: Your body sometimes deteriorates upon taking
                  | damage. [potion of mutation]
 62574 | Zot:5    | Lost mutation: You expend magic power (3 MP) to strengthen
                  | your wands. [potion of mutation]
 62574 | Zot:5    | Gained mutation: Armour fits poorly on your strangely
                  | shaped body. [potion of mutation]
 62574 | Zot:5    | Gained mutation: Your flesh is very heat resistant. (rF++)
                  | [potion of mutation]
 62575 | Zot:5    | Lost mutation: Armour fits poorly on your strangely shaped
                  | body. [potion of mutation]
 62575 | Zot:5    | Lost mutation: You do not regenerate when monsters are
                  | visible. [potion of mutation]
 62575 | Zot:5    | Lost mutation: Your flesh is very heat resistant. (rF++)
                  | [potion of mutation]
 62575 | Zot:5    | Lost mutation: You can translocate small distances at will.
                  | [potion of mutation]
 62575 | Zot:5    | Gained mutation: Scrolls take you a little longer to read.
                  | [potion of mutation]
 62575 | Zot:5    | Gained mutation: You are frail. (-10% HP) [potion of
                  | mutation]
 62575 | Zot:5    | Gained mutation: You have very sharp teeth. [potion of
                  | mutation]
 62576 | Zot:5    | Lost mutation: Scrolls take you a little longer to read.
                  | [potion of mutation]
 62576 | Zot:5    | Lost mutation: You have an increased reservoir of magic.
                  | (+10% MP) [potion of mutation]
 62576 | Zot:5    | Gained mutation: You are somewhat resistant to further
                  | mutation. [potion of mutation]
 62577 | Zot:5    | Lost mutation: You are frail. (-10% HP) [potion of
                  | mutation]
 62577 | Zot:5    | Lost mutation: Your flesh is heat resistant. (rF+) [potion
                  | of mutation]
 62577 | Zot:5    | Lost mutation: You are somewhat resistant to further
                  | mutation. [potion of mutation]
 62577 | Zot:5    | Lost mutation: You have very sharp teeth. [potion of
                  | mutation]
 62577 | Zot:5    | Gained mutation: Scrolls take you a little longer to read.
                  | [potion of mutation]
 62577 | Zot:5    | Gained mutation: Your spells are a little harder to cast,
                  | but a little more powerful. [potion of mutation]
 62577 | Zot:5    | Gained mutation: You are covered in fur. (AC +1) [potion of
                  | mutation]
 62577 | Zot:5    | Gained mutation: Your mind is acute. (Int +2) [potion of
                  | mutation]
 62578 | Zot:5    | Lost mutation: You are covered in fur. (AC +1) [potion of
                  | mutation]
 62578 | Zot:5    | Lost mutation: Your spells are a little harder to cast, but
                  | a little more powerful. [potion of mutation]
 62578 | Zot:5    | Gained mutation: You expend magic power (3 MP) to
                  | strengthen your wands. [potion of mutation]
 62578 | Zot:5    | Gained mutation: You have a pair of small horns on your
                  | head. [potion of mutation]
 62609 | Zot:5    | Got the Orb of Zot
 62845 | Depths:2 | Noticed Wylytwij the pandemonium lord
 63384 | D:$      | Escaped with the Orb!

Levels and vault maps discovered:
D:1:      elethiomel_arrival_shortcut, layout_rooms
D:2:      layout_basic, grunt_gozag_breadcrumbs, old_standard_altar,
          uniq_sigmund
D:3:      layout_basic, lemuel_round_altar,
          chequers_ecumenical_altar_simple_redux
D:4:      layout_loops_corners, overflow_temple_1_default, first_ration,
          makhleb_heckhound_becter, uniq_natasha, uniq_blork_the_orc
D:5:      layout_basic, led_sif_book
D:6:      lemuel_ratsnest, layout_rooms, nrook_uturn, corexii_leaking_fountain
D:7:      layout_layer_cave, nicolae_overflow_hidden_temple,
          minmay_temple_entry_trees
D:8:      layout_cave_pools, gammafunk_temple_overflow_claw,
          chequers_temple_overflow_statue_of_worship, serial_shops, shop, shop,
          shop, kennysheep_mini, shop, serial_glass, glass_columns_a,
          glass_columns_a, gammafunk_ghost_berserking_beasts,
          serial_park_tiny_pond, uniq_prince_ribbit1
D:9:      layout_layer_cave, yredelemnul_altar_generic, evilmike_ruin_ashenzari
D:10:     layout_irregular_city, basic_altar
D:11:     layout_roguey, lair_entry_dummy, hiddenorc2_lemuel, uniq_urug
D:12:     minmay_triangles_in_corner, layout_cave_pools, special_room
          [special_room_orc], uniq_nergalle
D:13:     layout_loops_ring, david_vaults_1, serial_shops, shop, shop, shop,
          shop, nicolae_shop_trees
D:14:     layout_gridville, enter_bailey_3
D:15:     grunt_enter_depths_giant_problem, layout_loops_ring,
          hangedman_abyss_or_decor_clamps, minmay_between, uniq_louise,
          uniq_agnes, uniq_josephine
Lair:1:   layout_cave_pods, serial_bayou_shore_b
Lair:2:   lemuel_slime, layout_regular_city,
          nicolae_swamp_entry_splash_gauntlet, portal_ice_cave_demonic_guard
Lair:3:   layout_cave_pods, dummy_spider_entry
Lair:4:   gammafunk_mikee_crab_dinner, layout_regular_city,
          nicolae_lair_grove_arrangements
Lair:5:   layout_loops_ring, slime_altar_1, serial_bayou_lake_a
Lair:6:   minmay_lair_end_frog_pond, layout_loops_ring
Swamp:1:  layout_falls_marsh, evilmike_swamp_ruin_house_4, roderic_carrion_pond
Swamp:2:  layout_basic_swamp, evilmike_swamp_ruin_house_3, swamp_pool3
Swamp:3:  layout_falls_marsh, evilmike_swamp_ruin_house_6
Swamp:4:  swamp_basic_johnstein, layout_basic_swamp, swamp_pool1,
          nicolae_swamp_dense_foliage
Spider:1: layout_spider_delve, ebering_ghost_disaster_area, zaba_antful_of_joy
Spider:2: layout_spider_delve
Spider:3: layout_spider_delve, drop_trap, uniq_mara, uniq_arachne
Spider:4: grunt_spider_rune_circles, nicolae_orb_island
Orc:1:    layout_caves, nicolae_volcano_entry_vermiform
Orc:2:    kennysheep_orc_mage_school, layout_diamond_mine, basic_altar
Elf:1:    eino_elf_arrival_altar, layout_loops_cross, mu_enter_wizlab_1,
          minmay_elf_necromancy
Elf:2:    layout_loops_cross, serial_shops, shop
Elf:3:    minmay_elf_hall_curves, layout_geoelf_octagon, uniq_donald
Vaults:1: hangedman_vaults_stitches, dpeg_vaults_waves, vaults_room_door_ring,
          v_misc_10, nicolae_vaults_twisting_passages,
          nicolae_vaults_little_squares_2, hangedman_vaults_stagger,
          grunt_vaults_hallway_short, grunt_vaults_swirl,
          hangedman_vaults_river_flow, layout_vaults_omnibox
Vaults:2: ontoclasm_vaults_spin, nicolae_vaults_big_ls,
          minmay_crypt_entry_simple_walls, hangedman_vaults_capsules,
          v_pattern_5, vaults_room_mumra_shop_pool, nicolae_vaults_c_with_doors,
          vaults_dpeg_hooks, ontoclasm_vaults_ring_large,
          hangedman_vaults_stretched_pinwheel, layout_vaults_quadrants
Vaults:3: ebering_vaults_ghost_inner_flame, v_misc_18, vaults_mumra_minichess,
          st_quartered_hall, vaults_room_corners, v_misc_31, v_misc_12,
          nicolae_vaults_alarming, vaults_dpeg_ring,
          nicolae_vaults_specimen_jars, nicolae_vaults_ring_of_whatevers,
          layout_vaults_big_room
Vaults:4: vaults_room_grunt_arrival_ludios, v_alt_pattern_1,
          grunt_vaults_hallway_short, v_misc_2, v_alt_pattern_2, v_misc_14,
          hangedman_vaults_nails, v_misc_9, nicolae_vaults_mini_display_case,
          st_octagons_2, vaults_dpeg_doors, vaults_room_semicircle,
          ontoclasm_vaults_gateway, layout_vaults_omnicross, serial_shops,
          shop_scrolls
Vaults:5: serial_shops
Depths:1: minmay_guarded_unrand_sceptre_of_torment, layout_gridlike,
          enter_ziggurat_d, chequers_serial_rivers_micro_b, hell_entry,
          serial_sigils_hangedman_snap, minmay_misc_feat_secret_circle,
          serial_bayou_pond_c, minmay_misc_feat_plants, minmay_misc_feat_rugged,
          laboratory
Depths:2: minmay_tile_spiral, layout_basic, hellmouth_1, pan_entry,
          minmay_shoptagon, minmay_staircase_statues, serial_bayou_shore_b
Depths:3: minmay_distorted_concentric_squares, layout_cave_pools, hell_entry,
          chequers_hall_statues_y, rand_demon_pan_entry_9
Depths:4: minmay_the_grid_triangle_9x9_rhombus_full_mashed
          [minmay_the_grid_triangle_9x9_corrupted_corridor,
          minmay_the_grid_triangle_9x9_stretched_checkered,
          minmay_the_grid_triangle_9x9_steps,
          minmay_the_grid_triangle_9x9_pentomino_pain,
          minmay_the_grid_triangle_9x9_zippers_vertical,
          minmay_the_grid_triangle_9x9_impossible_snake,
          minmay_the_grid_triangle_9x9_longest,
          minmay_the_grid_triangle_9x9_prize_schism], layout_cave_shapes,
          abyss_entry_crystal, hangedman_geh_valley, hex_medium
Depths:5: grunt_zot_entry_alcove, layout_gridlike, minmay_misc_feat_pillars,
          minmay_room_of_horrors, serial_shops, nicolae_shop_trees, hell_entry,
          minmay_shop_grove
Zot:1:    layout_twisted_circle, grunt_ministairs_10, st_stairs_1,
          lemuel_lich_library
Zot:2:    layout_cathedral_of_symmetry, nzn_random_ring
Zot:3:    layout_gridlike, uniq_tiamat
Zot:4:    lemuel_firehouse, layout_cathedral_of_symmetry,
          ebering_ghost_reflecting_pool, skrybe_zot_glass_1
Zot:5:    layout_basic

Skill      XL: |  1  2  3  4  5  6  7  8  9 10 11 12 13 14 15 16 17 18 19 20 21 22 23 24 25 |
---------------+----------------------------------------------------------------------------+-----
Axes           | 2 3 4 5 6 7 10 11 12 13 14 15 16 17 18 | 18.0
Armour         | 3 4 5 6 7 8 9 11 12 13 14 15 17 18 20 21 25 | 25.3
Shields        | 3 4 5 6 7 9 10 13 12 14 15 16 17 18 19 20 22 | 22.7
Fighting       | 4 5 6 7 8 12 13 14 15 16 17 18 19 20 21 22 23 24 27 | 27.0
Dodging        | 1 2 4 5 6 7 8 |  8.2

Action                   |  1- 3 |  4- 6 |  7- 9 | 10-12 | 13-15 | 16-18 | 19-21 | 22-24 | 25-27 || total
-------------------------+-------+-------+-------+-------+-------+-------+-------+-------+-------++-------
Melee: War axe           |   135 |   132 |   354 |   194 |       |       |       |       |       ||   815
       Kick              |    12 |    36 |   111 |   493 |  1019 |   613 |   621 |   673 |   753 ||  4331
       Hand axe          |       |       |       |   888 |  1918 |    51 |       |       |       ||  2857
       Whip              |       |       |       |    16 |       |       |       |       |       ||    16
       Long sword        |       |       |       |     5 |    81 |    72 |       |       |       ||   158
       Broad axe         |       |       |       |       |       |   986 |  1140 |  1171 |  1280 ||  4577
       Headbutt          |       |       |       |       |       |       |       |       |    16 ||    16
Invok: Sacrifice Arcana  |       |     1 |       |       |       |       |       |       |       ||     1
       Sacrifice Artific |       |       |     1 |       |       |       |       |       |       ||     1
       Reject Sacrifices |       |       |     1 |     1 |       |       |       |       |       ||     2
       Draw Out Power    |       |       |       |     2 |       |       |       |       |       ||     2
       Sacrifice Experie |       |       |       |     1 |       |       |       |       |       ||     1
       Apocalypse        |       |       |       |       |       |       |       |       |     1 ||     1
  Use: Potion            |     1 |       |       |     1 |       |       |       |       |    16 ||    18
       Scroll            |       |       |       |    22 |    15 |    13 |    13 |    13 |     8 ||    84
 Stab: Distracted        |       |       |     2 |     4 |    16 |    11 |     8 |     7 |     5 ||    53
       Invisible         |       |       |     2 |     5 |    13 |     8 |     5 |    12 |    10 ||    55
       Paralysed         |       |       |       |     2 |    13 |     2 |     1 |     4 |     2 ||    24
       Confused          |       |       |       |       |     1 |     1 |       |       |       ||     2
       Held in net/web   |       |       |       |       |       |     1 |       |       |       ||     1
       Petrified         |       |       |       |       |       |       |       |       |     2 ||     2
       Petrifying        |       |       |       |       |       |       |       |       |     1 ||     1
  Eat: Chunk             |     2 |     6 |    19 |    24 |    45 |    25 |    23 |    21 |    23 ||   188
       Ration            |       |       |       |     1 |     1 |     3 |     1 |     1 |     1 ||     8
Armor: Scale mail        |    31 |       |       |       |       |       |       |       |       ||    31
       Chain mail        |    45 |    48 |    66 |   236 |   504 |   242 |   103 |   364 |   338 ||  1946
       Plate armour      |       |       |    51 |    43 |       |       |       |       |       ||    94
Dodge: Dodged            |    19 |    25 |    32 |   219 |   755 |   326 |   148 |   357 |   296 ||  2177
Block: Shield            |    75 |    54 |    11 |       |       |       |       |       |       ||   140
       Large shield      |       |       |   272 |  1166 |  2181 |  1026 |   826 |  1300 |  1125 ||  7896
       Reflection        |       |       |       |    30 |    26 |    54 |    92 |   106 |    18 ||   326
       Rpst.: Long sword |       |       |       |       |    10 |     6 |       |       |       ||    16

Table legend:
 A = Non-vault XP
 B = Vault XP
 C = Vault XP percentage of total XP
 D = Non-vault monster count
 E = Vault monster count
 F = Vault count percentage of total count
                 A         B        C        D         E       F
            +---------+---------+-------+---------+---------+-------
      Total |  861300 |  879095 |  50.5 |    1581 |    1008 |  38.9
            +---------+---------+-------+---------+---------+-------
        D:1 |      38 |       0 |   0.0 |      19 |       0 |   0.0
        D:2 |      99 |     223 |  69.3 |      22 |       1 |   4.3
        D:3 |     201 |       0 |   0.0 |      17 |       0 |   0.0
        D:4 |     253 |     151 |  37.4 |      19 |       3 |  13.6
        D:5 |     496 |      30 |   5.7 |      17 |       5 |  22.7
        D:6 |     536 |     180 |  25.1 |      12 |      25 |  67.6
        D:7 |     389 |       0 |   0.0 |      17 |       0 |   0.0
        D:8 |     717 |     264 |  26.9 |      13 |       1 |   7.1
        D:9 |    3279 |       0 |   0.0 |      38 |       0 |   0.0
       D:10 |    3297 |       0 |   0.0 |      44 |       0 |   0.0
       D:11 |    4270 |    3130 |  42.3 |      38 |      41 |  51.9
       D:12 |    3584 |    8303 |  69.8 |      27 |      33 |  55.0
       D:13 |    6058 |    3433 |  36.2 |      40 |       5 |  11.1
       D:14 |   14237 |    3594 |  20.2 |      37 |      10 |  21.3
       D:15 |    6511 |    3773 |  36.7 |      17 |       4 |  19.0
     Lair:1 |    4179 |       0 |   0.0 |      18 |       0 |   0.0
     Lair:2 |    3960 |    2174 |  35.4 |      16 |      30 |  65.2
     Lair:3 |    9787 |       0 |   0.0 |      29 |       0 |   0.0
     Lair:4 |    4551 |    9977 |  68.7 |      20 |      11 |  35.5
     Lair:5 |    2089 |       0 |   0.0 |      16 |       0 |   0.0
     Lair:6 |    8405 |   11580 |  57.9 |      36 |      48 |  57.1
    Swamp:1 |    8111 |     720 |   8.2 |      24 |       6 |  20.0
    Swamp:2 |    7885 |       0 |   0.0 |      22 |       0 |   0.0
    Swamp:3 |    9513 |       0 |   0.0 |      23 |       0 |   0.0
    Swamp:4 |   14656 |   25754 |  63.7 |      37 |      37 |  50.0
   Spider:1 |   10071 |    6607 |  39.6 |      36 |      33 |  47.8
   Spider:2 |    6951 |       0 |   0.0 |      20 |       0 |   0.0
   Spider:3 |    5519 |    8875 |  61.7 |      14 |       2 |  12.5
   Spider:4 |   10654 |   21984 |  67.4 |      22 |      33 |  60.0
      Orc:1 |    1873 |     340 |  15.4 |      22 |       1 |   4.3
      Orc:2 |    2215 |    7500 |  77.2 |      42 |      33 |  44.0
      Elf:1 |   16828 |    6899 |  29.1 |      28 |      13 |  31.7
      Elf:2 |   21099 |    3207 |  13.2 |      38 |       5 |  11.6
      Elf:3 |    9590 |   44554 |  82.3 |      18 |      33 |  64.7
   Vaults:1 |   35516 |   20670 |  36.8 |      66 |      40 |  37.7
   Vaults:2 |   27879 |   30105 |  51.9 |      58 |      49 |  45.8
   Vaults:3 |   43202 |   27694 |  39.1 |      72 |      35 |  32.7
   Vaults:4 |   52558 |   79434 |  60.2 |      74 |      73 |  49.7
   Vaults:5 |   26748 |  109657 |  80.4 |      40 |      61 |  60.4
   Depths:1 |    4787 |   22995 |  82.8 |      13 |      18 |  58.1
   Depths:2 |   37601 |   51252 |  57.7 |      58 |      25 |  30.1
   Depths:3 |   44594 |   11307 |  20.2 |      58 |      12 |  17.1
   Depths:4 |    7723 |   32242 |  80.7 |      14 |      21 |  60.0
   Depths:5 |   59495 |   25097 |  29.7 |      68 |      30 |  30.6
      Zot:1 |   94870 |   43158 |  31.3 |      54 |      45 |  45.5
      Zot:2 |   33265 |   29522 |  47.0 |      20 |      19 |  48.7
      Zot:3 |   66158 |   22978 |  25.8 |      40 |      13 |  24.5
      Zot:4 |   44927 |   12168 |  21.3 |      28 |      27 |  49.1
      Zot:5 |   61024 |  171462 |  73.8 |      33 |      40 |  54.8
    Abyss:2 |     465 |       0 |   0.0 |       4 |       0 |   0.0
    Abyss:4 |   18587 |       0 |   0.0 |      23 |       0 |   0.0
     Bailey |       0 |    2275 | 100.0 |       0 |      38 | 100.0
      IceCv |       0 |   11373 | 100.0 |       0 |      42 | 100.0
    Volcano |       0 |    2454 | 100.0 |       0 |       7 | 100.0
            +---------+---------+-------+---------+---------+-------
